 Dungeon Crawl Stone Soup version 0.28.0-53-g5a82cb258f (webtiles) character file.

Game seed: 12436815209922515653

11 protoss039 the Digger (level 2, 0/19 HPs)
             Began as a Demonspawn Earth Elementalist on June 2, 2022.
             Slain by a jackal (3 damage)
             ... on level 1 of the Dungeon.
             The game lasted 00:00:47 (428 turns).

protoss039 the Digger (DsEE)                         Turns: 428, Time: 00:00:47

Health: 0/19       AC:  2    Str:  8    XL:     2   Next: 13%
Magic:  0/5        EV: 12    Int: 16    God:
Gold:   39         SH:  4    Dex: 13    Spells: 4/5 levels left

rFire   . . .      SeeInvis .   (no weapon)
rCold   . . .      Faith    .   (no shield)
rNeg    . . .      Spirit   .   b - +0 robe
rPois   .          Reflect  .   (no helmet)
rElec   .          Harm     .   (no cloak)
rCorr   .          Rampage  .   (no gloves)
Will    .....                   (no boots)
Stlth   ++........              (no amulet)
HPRegen 0.06/turn               (no ring)
MPRegen 0.09/turn               (no ring)

@: no status effects
A: condensation shield
a: no special abilities


You were on level 1 of the Dungeon.
You visited 1 branch of the dungeon, and saw 1 of its levels.

You collected 39 gold pieces.

Inventory:

Missiles
 c - 18 stones
Armour
 b - a +0 robe (worn)


   Skills:
 + Level 2.0 Dodging
 + Level 2.0 Stealth
 + Level 2.1 Spellcasting
 + Level 1.1 Transmutations
 + Level 2.8 Earth Magic


You had 4 spell levels left.
You knew the following spells:

 Your Spells              Type           Power      Damage    Failure   Level
a - Sandblast             Erth           20%        2d7       6%          1

Your spell library contained the following spells:

 Spells                   Type           Power      Damage    Failure   Level
 Passwall                 Tmut/Erth      6%         N/A       14%         2
 Stone Arrow              Conj/Erth      12%        3d7       34%         3
 Petrify                  Tmut/Erth      8%         N/A       65%         4


Dungeon Overview and Level Annotations

Branches:
Dungeon (1/15)

Altars:


Innate Abilities, Weirdness & Mutations

A meltable shield of frost defends you. (SH +4)


Message History

The jackal is heavily wounded.
The jackal bites you.
* * * LOW HITPOINT WARNING * * *
You closely miss the jackal.
The jackal is heavily wounded.
The jackal bites you.
* * * LOW HITPOINT WARNING * * *
The jackal completely misses you.
Casting: Sandblast (safe; 6% risk of failure)
Confirm with . or Enter, or press ? or * to list all spells.
Aiming: Sandblast (safe; 6% risk of failure)
Press: ? - help, Shift-Dir - straight line, f - jackal
Aim: a jackal (heavily wounded, 74% to hit)
The blast of sand hits the jackal.
You kill the jackal!
The jackal bites you.
* * * LOW HITPOINT WARNING * * *
Your Dodging skill increases to level 2!
You hit the jackal but do no damage. You block the jackal's attack.
You closely miss the jackal. Your punch misses the jackal.
The jackal closely misses you.
The jackal bites you but does no damage.
The jackal closely misses you. The jackal misses you.
The jackal bites you but does no damage. 2 jackals and a quokka come into view.
The jackal barks! x2; You hear an angry hiss.
You hear a shout!
You block the jackal's attack.
The jackal moves out of view.
A jackal comes into view.
The jackal barks!
You hear an angry hiss.
Casting: Sandblast (safe; 6% risk of failure)
Confirm with . or Enter, or press ? or * to list all spells.
Aiming: Sandblast (safe; 6% risk of failure)
Press: ? - help, Shift-Dir - straight line, f - jackal
Aim: a jackal (74% to hit)
The blast of sand misses the jackal.
A ball python comes into view.
The jackal closely misses you. The jackal bites you.
You die...

.#### . .... .. ..# #
.##.##.####h#
...S.r...h..# #Sh.# #h#.#
#h#.# # #@#.# ># #.#.#
..# #.#.# ...# # #.#.#
....# #.
#.#.########(...)#
####..##.#..#..†...†.....
..............#####.####.
#####.##.##.#.# # #
#.##.#.#


You could see a quokka, 3 jackals and a ball python.

Vanquished Creatures
  3 ball pythons (D:1)
  2 endoplasms (D:1)
  A giant cockroach (D:1)
  2 jackals (D:1)
  A frilled lizard (D:1)
9 creatures vanquished.

Notes
Turn   | Place    | Note
-------+----------+-------------------------------------------
     0 | D:1      | protoss039 the Demonspawn Earth Elementalist began the
                  | quest for the Orb.
     0 | D:1      | Reached XP level 1. HP: 13/13 MP: 3/3
    51 | D:1      | Reached skill level 1 in Transmutations
   399 | D:1      | Gained mutation: A meltable shield of frost defends you.
                  | (SH +4) [demonic ancestry]
   399 | D:1      | Reached XP level 2. HP: 7/19 MP: 0/5
   428 | D:1      | Slain by a jackal

Illustrated notes

Levels and vault maps discovered:
D:1:      amcnicky_arrival_choice, layout_loops_ring,
          hellmonk_ecumenical_altar_defaced_shrine

Skill      XL: |  1  2 |
---------------+-------+-----
Transmutations | 1 |  1.1
Stealth        | 2 |  2.0
Dodging        | 2 |  2.0
Spellcasting   | |  2.1
Earth Magic    | |  2.8

Action                   || total
-------------------------++-------
Melee: Unarmed           ||    44
 Cast: Sandblast         ||    12
 Stab: Sleeping          ||     1
Armor: Robe              ||    11
Dodge: Dodged            ||    35
Block: Other             ||     2
